% Time on Ice - PHOENIX MUSTANGS
Lines # - Real PCT - Wanted PCT - Time Play
Normal Forward
1 - 29% - 35% - 14:03
2 - 30% - 34% - 14:38
3 - 24% - 23% - 11:26
4 - 18% - 8% - 8:31
Normal Defense
1 - 37% - 37% - 18:06
2 - 34% - 35% - 16:41
3 - 28% - 28% - 13:51
4 - 0% - 0% - 0:00
PP Forward
1 - 54% - 60% - 4:54
2 - 46% - 40% - 4:09
PP Defense
1 - 57% - 60% - 5:07
2 - 43% - 40% - 3:56
PK Forward
1 - 100% - 60% - 0:20
2 - 0% - 40% - 0:00
PK Defense
1 - 100% - 55% - 0:20
2 - 0% - 45% - 0:00
PK3 Forward
1 - 0% - 60%
2 - 0% - 40%
PK3 Defense
1 - 0% - 50%
2 - 0% - 50%
44 Forward
1 - 57% - 50% - 1:08
2 - 43% - 50% - 0:51
44 Defense
1 - 57% - 50% - 1:08
2 - 43% - 50% - 0:51
Last Minute Offensive  - 0:00
Last Minute Defensive  - 0:00
Total
Forward - 60:00
Defense - 60:00
% Time on Ice - OKANAGAN RATTLESNAKES
Lines # - Real PCT - Wanted PCT - Time Play
Normal Forward
1 - 35% - 36% - 17:06
2 - 30% - 31% - 14:23
3 - 22% - 23% - 10:31
4 - 14% - 10% - 6:38
Normal Defense
1 - 35% - 36% - 16:59
2 - 33% - 31% - 16:09
3 - 28% - 23% - 13:48
4 - 3% - 10% - 1:42
PP Forward
1 - 100% - 55% - 0:20
2 - 0% - 45% - 0:00
PP Defense
1 - 100% - 55% - 0:20
2 - 0% - 45% - 0:00
PK Forward
1 - 62% - 55% - 5:35
2 - 38% - 45% - 3:28
PK Defense
1 - 66% - 55% - 6:00
2 - 34% - 45% - 3:03
PK3 Forward
1 - 0% - 55%
2 - 0% - 45%
PK3 Defense
1 - 0% - 55%
2 - 0% - 45%
44 Forward
1 - 57% - 55% - 1:08
2 - 43% - 45% - 0:51
44 Defense
1 - 43% - 55% - 0:51
2 - 57% - 45% - 1:08
Last Minute Offensive  - 0:00
Last Minute Defensive  - 0:00
Total
Forward - 60:00
Defense - 60:00
Play-by-Play 1st period 0:01 of 1st period - Jonathan Miller wins face-off versus Anders Lee in neutral zone. 0:14 of 1st period - Shot by Jonathan Miller. 0:14 of 1st period - Shot Blocked by Colton Parayko. 0:21 of 1st period - Jonathan Miller is hit by Colton Parayko and loses puck. 0:30 of 1st period - Shot by Erik Karlsson. 0:30 of 1st period - Shot Hit the Post. 1:10 of 1st period - Shot by Kyle Connor. 1:10 of 1st period - Shot Misses the Net. 1:12 of 1st period - Shot by Sam Reinhart. 1:12 of 1st period - Stopped by James Reimer with a rebound. 1:14 of 1st period - Shot by Sam Reinhart. 1:14 of 1st period - Deflect By Kyle Connor. 1:14 of 1st period - Stopped by James Reimer without a rebound. 1:15 of 1st period - Blake Coleman wins face-off versus Jesper Fast in OKANAGAN RATTLESNAKES zone. 1:33 of 1st period - Andrew Copp is hit by Blake Coleman and loses puck. 2:24 of 1st period - Shot by Jordan Eberle. 2:24 of 1st period - Stopped by James Reimer without a rebound. 2:25 of 1st period - Casey Cizikas wins face-off versus Joel Armia in OKANAGAN RATTLESNAKES zone. 2:47 of 1st period - Icing by Radko Gudas. 2:48 of 1st period - Stefan Noesen wins face-off versus Tyson Jost in PHOENIX MUSTANGS zone. 2:56 of 1st period - Icing by Tyson Jost. 2:57 of 1st period - Tyson Jost wins face-off versus Anders Lee in PHOENIX MUSTANGS zone. 3:33 of 1st period - Icing by Erik Karlsson. 3:34 of 1st period - Casey Cizikas wins face-off versus Alex Barre-Boulet in PHOENIX MUSTANGS zone. 3:35 of 1st period - Shot by T.J. Oshie. 3:35 of 1st period - Deflect By Mike Hoffman. 3:35 of 1st period - Goal by Mike Hoffman - PHOENIX MUSTANGS : 0 - OKANAGAN RATTLESNAKES : 1. 3:36 of 1st period - Mike Hoffman wins face-off versus Sam Reinhart in neutral zone. 3:45 of 1st period - Shot by T.J. Oshie. 3:45 of 1st period - Deflect By Mike Hoffman. 3:45 of 1st period - Stopped by Jake Allen with a rebound. 3:47 of 1st period - Shot by Casey Cizikas. 3:47 of 1st period - Shot Blocked by Jeff Petry. 4:07 of 1st period - Shot by Jordan Eberle. 4:07 of 1st period - Stopped by James Reimer without a rebound. 4:08 of 1st period - Jonathan Miller wins face-off versus Stefan Noesen in OKANAGAN RATTLESNAKES zone. 4:17 of 1st period - Shot by Alex Killorn. 4:17 of 1st period - Goal by Alex Killorn - PHOENIX MUSTANGS : 1 - OKANAGAN RATTLESNAKES : 1. 4:18 of 1st period - Jonathan Miller wins face-off versus Anders Lee in neutral zone. 4:39 of 1st period - Shot by Alex Killorn. 4:39 of 1st period - Shot Misses the Net. 4:53 of 1st period - Shot by Nazem Kadri. 4:53 of 1st period - Shot Blocked by Ilya Lyubushkin. 5:23 of 1st period - Shot by T.J. Oshie. 5:23 of 1st period - Stopped by Jake Allen without a rebound. 5:24 of 1st period - Sam Reinhart wins face-off versus Stefan Noesen in PHOENIX MUSTANGS zone. 5:49 of 1st period - Shot by Kyle Connor. 5:49 of 1st period - Stopped by James Reimer without a rebound. 5:50 of 1st period - Nic Dowd wins face-off versus Blake Coleman in OKANAGAN RATTLESNAKES zone. 6:13 of 1st period - Icing by Radko Gudas. 6:14 of 1st period - Casey Cizikas wins face-off versus Nic Dowd in PHOENIX MUSTANGS zone. 6:20 of 1st period - Minor Penalty to Radko Gudas for Tripping. 6:21 of 1st period - Andrew Copp wins face-off versus Anders Lee in PHOENIX MUSTANGS zone. 6:40 of 1st period - Shot by Nazem Kadri. 6:40 of 1st period - Goal by Nazem Kadri - PHOENIX MUSTANGS : 1 - OKANAGAN RATTLESNAKES : 2. 6:41 of 1st period - Sam Reinhart wins face-off versus Blake Coleman in neutral zone. 6:46 of 1st period - Shot by Kyle Connor. 6:46 of 1st period - Stopped by James Reimer with a rebound. 7:10 of 1st period - Shot by Sam Reinhart. 7:10 of 1st period - Stopped by James Reimer without a rebound. 7:11 of 1st period - Casey Cizikas wins face-off versus Jonathan Miller in OKANAGAN RATTLESNAKES zone. 7:33 of 1st period - Shot by Mike Hoffman. 7:33 of 1st period - Stopped by Jake Allen without a rebound. 7:34 of 1st period - Nic Dowd wins face-off versus Anders Lee in PHOENIX MUSTANGS zone. 7:49 of 1st period - Shot by Nazem Kadri. 7:49 of 1st period - Stopped by Jake Allen without a rebound. 7:50 of 1st period - Casey Cizikas wins face-off versus Sam Reinhart in PHOENIX MUSTANGS zone. 7:58 of 1st period - Casey Cizikas is hit by Jeff Petry and loses puck. 8:19 of 1st period - Shot by Colton Parayko. 8:19 of 1st period - Stopped by Jake Allen with a rebound. 8:21 of 1st period - Shot by T.J. Oshie. 8:21 of 1st period - Stopped by Jake Allen without a rebound. 8:22 of 1st period - Jesper Fast wins face-off versus Anders Lee in PHOENIX MUSTANGS zone. 8:36 of 1st period - Shot by Anders Lee. 8:36 of 1st period - Stopped by Jake Allen without a rebound. 8:37 of 1st period - Jonathan Miller wins face-off versus Stefan Noesen in PHOENIX MUSTANGS zone. 8:37 of 1st period - Jonathan Miller is hit by Jujhar Khaira. 9:44 of 1st period - Jordan Eberle is hit by Jeremy Lauzon and loses puck. 10:11 of 1st period - Jordan Eberle is hit by Jeremy Lauzon and loses puck. 10:34 of 1st period - Icing by Jujhar Khaira. 10:35 of 1st period - Stefan Noesen wins face-off versus Tyson Jost in OKANAGAN RATTLESNAKES zone. 10:43 of 1st period - Shot by Tyson Jost. 10:43 of 1st period - Stopped by James Reimer without a rebound. 10:44 of 1st period - Anders Lee wins face-off versus Nic Dowd in OKANAGAN RATTLESNAKES zone. 10:57 of 1st period - Shot by Anders Lee. 10:57 of 1st period - Stopped by Jake Allen with a rebound. 10:59 of 1st period - Shot by Josh Manson. 10:59 of 1st period - Goal by Josh Manson - PHOENIX MUSTANGS : 1 - OKANAGAN RATTLESNAKES : 3. 11:00 of 1st period - Brad Marchand wins face-off versus Casey Cizikas in neutral zone. 11:32 of 1st period - Erik Karlsson is hit by Arber Xhekaj and loses puck. 12:10 of 1st period - Jordan Eberle is hit by Colton Parayko and loses puck. 13:01 of 1st period - Sam Reinhart is hit by Pierre-Edouard Bellemare and loses puck. 14:10 of 1st period - Shot by Anders Lee. 14:10 of 1st period - Shot Misses the Net. 14:14 of 1st period - Shot by Nazem Kadri. 14:14 of 1st period - Stopped by Jake Allen with a rebound. 14:16 of 1st period - Shot by Anders Lee. 14:16 of 1st period - Shot Hit the Post. 14:18 of 1st period - Shot by Josh Manson. 14:18 of 1st period - Shot Misses the Net. 14:26 of 1st period - Shot by Lars Eller. 14:26 of 1st period - Stopped by Jake Allen without a rebound. 14:27 of 1st period - Jonathan Miller wins face-off versus Blake Coleman in PHOENIX MUSTANGS zone. 14:27 of 1st period - Jonathan Miller is hit by Pierre-Edouard Bellemare. 15:30 of 1st period - Shot by Stefan Noesen. 15:30 of 1st period - Stopped by Jake Allen without a rebound. 15:31 of 1st period - Alex Barre-Boulet wins face-off versus Nazem Kadri in PHOENIX MUSTANGS zone. 15:52 of 1st period - Icing by Lars Eller. 15:53 of 1st period - Anders Lee wins face-off versus Nic Dowd in OKANAGAN RATTLESNAKES zone. 16:00 of 1st period - Shot by Nazem Kadri. 16:00 of 1st period - Shot Misses the Net. 16:04 of 1st period - Shot by Lars Eller. 16:04 of 1st period - Shot Misses the Net. 16:49 of 1st period - Icing by Jeff Petry. 16:50 of 1st period - Nic Dowd wins face-off versus Blake Coleman in PHOENIX MUSTANGS zone. 17:26 of 1st period - Shot by Jonathan Miller. 17:26 of 1st period - Shot Misses the Net. 17:28 of 1st period - Shot by Joel Edmundson. 17:28 of 1st period - Stopped by James Reimer without a rebound. 17:29 of 1st period - Sam Reinhart wins face-off versus Anders Lee in OKANAGAN RATTLESNAKES zone. 18:04 of 1st period - Shot by Jordan Eberle. 18:04 of 1st period - Shot Misses the Net. 18:56 of 1st period - Shot by Jonathan Miller. 18:56 of 1st period - Shot Misses the Net. 18:58 of 1st period - Shot by Jonathan Miller. 18:58 of 1st period - Shot Misses the Net. Goals for this period are 1 for PHOENIX MUSTANGS vs 3 for OKANAGAN RATTLESNAKES. Shots for this period are 10 for PHOENIX MUSTANGS vs 14 for OKANAGAN RATTLESNAKES. 2nd period 0:01 of 2nd period - Anders Lee wins face-off versus Sam Reinhart in neutral zone. 0:55 of 2nd period - Off-side. 0:56 of 2nd period - Jonathan Miller wins face-off versus Blake Coleman in neutral zone. 1:09 of 2nd period - Shot by Blake Coleman. 1:09 of 2nd period - Stopped by Jake Allen without a rebound. 1:10 of 2nd period - Tyson Jost wins face-off versus Casey Cizikas in PHOENIX MUSTANGS zone. 1:10 of 2nd period - Tyson Jost is hit by T.J. Oshie. 1:17 of 2nd period - Joel Armia is hit by Casey Cizikas and loses puck. 1:30 of 2nd period - Shot by T.J. Oshie. 1:30 of 2nd period - Shot Misses the Net. 1:47 of 2nd period - Shot by T.J. Oshie. 1:47 of 2nd period - Shot Blocked by Ilya Lyubushkin. 1:49 of 2nd period - Shot by T.J. Oshie. 1:49 of 2nd period - Goal by T.J. Oshie - PHOENIX MUSTANGS : 1 - OKANAGAN RATTLESNAKES : 4. 1:50 of 2nd period - Jonathan Miller wins face-off versus Anders Lee in neutral zone. 2:06 of 2nd period - Shot by Nazem Kadri. 2:06 of 2nd period - Shot Misses the Net. 2:41 of 2nd period - Off-side. 2:42 of 2nd period - Sam Reinhart wins face-off versus Blake Coleman in neutral zone. 2:47 of 2nd period - Shot by Jordan Eberle. 2:47 of 2nd period - Shot Blocked by Colton Parayko. 2:49 of 2nd period - Shot by Jordan Eberle. 2:49 of 2nd period - Stopped by James Reimer without a rebound. 2:50 of 2nd period - Sam Reinhart wins face-off versus Blake Coleman in OKANAGAN RATTLESNAKES zone. 3:07 of 2nd period - Shot by Oskar Sundqvist. 3:07 of 2nd period - Deflect By Blake Coleman. 3:07 of 2nd period - Shot Misses the Net. 3:11 of 2nd period - Shot by Oskar Sundqvist. 3:11 of 2nd period - Stopped by Jake Allen without a rebound. 3:12 of 2nd period - Casey Cizikas wins face-off versus Nic Dowd in PHOENIX MUSTANGS zone. 3:20 of 2nd period - Icing by Jesper Fast. 3:21 of 2nd period - Nazem Kadri wins face-off versus Andrew Copp in PHOENIX MUSTANGS zone. 3:29 of 2nd period - Shot by Lars Eller. 3:29 of 2nd period - Deflect By Nazem Kadri. 3:29 of 2nd period - Stopped by Jake Allen without a rebound. 3:30 of 2nd period - Jonathan Miller wins face-off versus Lars Eller in PHOENIX MUSTANGS zone. 3:55 of 2nd period - Shot by Jonathan Miller. 3:55 of 2nd period - Shot Blocked by Colton Parayko. 4:07 of 2nd period - Shot by Erik Karlsson. 4:07 of 2nd period - Stopped by James Reimer without a rebound. 4:08 of 2nd period - Sam Reinhart wins face-off versus Blake Coleman in OKANAGAN RATTLESNAKES zone. 4:10 of 2nd period - Kyle Connor is hit by Arber Xhekaj and loses puck. 4:41 of 2nd period - Shot by Jordan Eberle. 4:41 of 2nd period - Shot Misses the Net. 4:51 of 2nd period - Shot by Kyle Connor. 4:51 of 2nd period - Shot Blocked by Pierre-Edouard Bellemare. 4:54 of 2nd period - Sam Reinhart is hit by Arber Xhekaj and loses puck. 5:27 of 2nd period - Minor Penalty to Arber Xhekaj for Holding. 5:28 of 2nd period - Mike Hoffman wins face-off versus Jonathan Miller in OKANAGAN RATTLESNAKES zone. 6:20 of 2nd period - Icing by Alex Killorn. 6:21 of 2nd period - Andrew Copp wins face-off versus Oskar Sundqvist in PHOENIX MUSTANGS zone. 6:52 of 2nd period - Shot by Alex Killorn. 6:52 of 2nd period - Stopped by James Reimer without a rebound. 6:53 of 2nd period - Jonathan Miller wins face-off versus Blake Coleman in OKANAGAN RATTLESNAKES zone. 7:00 of 2nd period - Shot by Brad Marchand. 7:00 of 2nd period - Shot Blocked by T.J. Oshie. 7:04 of 2nd period - Shot by Kyle Connor. 7:04 of 2nd period - Stopped by James Reimer with a rebound. 7:06 of 2nd period - Shot by Kyle Connor. 7:06 of 2nd period - Shot Misses the Net. 7:08 of 2nd period - Shot by Erik Karlsson. 7:08 of 2nd period - Shot Misses the Net. 7:24 of 2nd period - Mike Hoffman is hit by Brad Marchand and loses puck. 7:31 of 2nd period - Shot by Alex Barre-Boulet. 7:31 of 2nd period - Goal by Alex Barre-Boulet - PHOENIX MUSTANGS : 2 - OKANAGAN RATTLESNAKES : 4. 7:32 of 2nd period - Anders Lee wins face-off versus Nic Dowd in neutral zone. 7:37 of 2nd period - Shot by Nazem Kadri. 7:37 of 2nd period - Stopped by Jake Allen with a rebound. 7:56 of 2nd period - Off-side. 7:57 of 2nd period - Casey Cizikas wins face-off versus Jonathan Miller in neutral zone. 8:00 of 2nd period - Jonathan Miller is hit by T.J. Oshie and loses puck. 8:28 of 2nd period - Casey Cizikas is hit by Radko Gudas and loses puck. 9:07 of 2nd period - Shot by Sam Reinhart. 9:07 of 2nd period - Shot Misses the Net. 9:20 of 2nd period - Shot by Jordan Eberle. 9:20 of 2nd period - Stopped by James Reimer without a rebound. 9:21 of 2nd period - Nic Dowd wins face-off versus Blake Coleman in OKANAGAN RATTLESNAKES zone. 9:30 of 2nd period - Shot by Nic Dowd. 9:30 of 2nd period - Shot Misses the Net. 9:32 of 2nd period - Shot by Ilya Lyubushkin. 9:32 of 2nd period - Stopped by James Reimer without a rebound. 9:33 of 2nd period - Tyson Jost wins face-off versus Stefan Noesen in OKANAGAN RATTLESNAKES zone. 9:43 of 2nd period - Minor Penalty to Josh Manson for Holding. 9:44 of 2nd period - Oskar Sundqvist wins face-off versus Brad Marchand in OKANAGAN RATTLESNAKES zone. 9:56 of 2nd period - Shot by Sam Reinhart. 9:56 of 2nd period - Shot Misses the Net. 9:58 of 2nd period - Shot by Jonathan Miller. 9:58 of 2nd period - Stopped by James Reimer without a rebound. 9:59 of 2nd period - Andrew Copp wins face-off versus Oskar Sundqvist in OKANAGAN RATTLESNAKES zone. 10:07 of 2nd period - Icing by Jordan Eberle. 10:08 of 2nd period - Jordan Eberle wins face-off versus Oskar Sundqvist in PHOENIX MUSTANGS zone. 10:17 of 2nd period - Shot by Jordan Eberle. 10:17 of 2nd period - Stopped by James Reimer without a rebound. 10:18 of 2nd period - Jonathan Miller wins face-off versus Oskar Sundqvist in OKANAGAN RATTLESNAKES zone. 10:18 of 2nd period - Jonathan Miller is hit by Adam Clendening. 10:30 of 2nd period - Shot by Erik Karlsson. 10:30 of 2nd period - Stopped by James Reimer without a rebound. 10:31 of 2nd period - Andrew Copp wins face-off versus Oskar Sundqvist in OKANAGAN RATTLESNAKES zone. 10:48 of 2nd period - Shot by Sam Reinhart. 10:48 of 2nd period - Shot Misses the Net. 10:50 of 2nd period - Shot by Sam Reinhart. 10:50 of 2nd period - Goal by Sam Reinhart - PHOENIX MUSTANGS : 3 - OKANAGAN RATTLESNAKES : 4. 10:51 of 2nd period - Tyson Jost wins face-off versus Stefan Noesen in neutral zone. 11:55 of 2nd period - Shot by Alex Killorn. 11:55 of 2nd period - Stopped by James Reimer with a rebound. 11:57 of 2nd period - Shot by Alex Killorn. 11:57 of 2nd period - Stopped by James Reimer without a rebound. 11:58 of 2nd period - Sam Reinhart wins face-off versus Lars Eller in OKANAGAN RATTLESNAKES zone. 11:59 of 2nd period - Shot by Jordan Eberle. 11:59 of 2nd period - Shot Misses the Net. 12:03 of 2nd period - Shot by Sam Reinhart. 12:03 of 2nd period - Deflect By Jordan Eberle. 12:03 of 2nd period - Stopped by James Reimer without a rebound. 12:04 of 2nd period - Lars Eller wins face-off versus Sam Reinhart in OKANAGAN RATTLESNAKES zone. 12:11 of 2nd period - Icing by Kyle Connor. 12:12 of 2nd period - Anders Lee wins face-off versus Sam Reinhart in PHOENIX MUSTANGS zone. 12:23 of 2nd period - Shot by Nazem Kadri. 12:23 of 2nd period - Shot Blocked by Erik Karlsson. 12:30 of 2nd period - Off-side. 12:31 of 2nd period - Casey Cizikas wins face-off versus Jonathan Miller in neutral zone. 12:42 of 2nd period - Shot by T.J. Oshie. 12:42 of 2nd period - Shot Blocked by Joel Edmundson. 12:44 of 2nd period - Shot by Casey Cizikas. 12:44 of 2nd period - Stopped by Jake Allen without a rebound. 12:45 of 2nd period - Sam Reinhart wins face-off versus Nazem Kadri in PHOENIX MUSTANGS zone. 12:45 of 2nd period - Sam Reinhart is hit by Nazem Kadri. 12:46 of 2nd period - Sam Reinhart from PHOENIX MUSTANGS is injured at 12:46 of 2nd period (Right Leg). 12:47 of 2nd period - Anders Lee wins face-off versus Jonathan Miller in PHOENIX MUSTANGS zone. 13:01 of 2nd period - Brad Marchand is hit by Josh Manson and loses puck. 13:12 of 2nd period - Shot by Brad Marchand. 13:12 of 2nd period - Shot Blocked by Colton Parayko. 13:54 of 2nd period - Shot by Jordan Eberle. 13:54 of 2nd period - Stopped by James Reimer without a rebound. 13:55 of 2nd period - Casey Cizikas wins face-off v